 Dungeon Crawl Stone Soup version 0.31.0-32-g396128a36d (webtiles) character file.

Game seed: 4651362764138199173

51 spaghetti the Caller (level 3, -1/28 HPs)
             Began as a Naga Summoner on Mar 9, 2024.
             Slain by a goblin
             ... wielding a +0 club
             ... led by Robin
              (3 damage)
             ... on level 2 of the Dungeon.
             The game lasted 00:02:52 (1748 turns).

spaghetti the Caller (Naga Summoner)                Turns: 1748, Time: 00:02:53

Health: -1/28      AC:  2    Str: 10    XL:     3   Next: 81%
Magic:  2/7        EV:  9    Int: 17    God:
Gold:   15         SH:  0    Dex: 11    Spells: 2/8 levels left

rFire   . . .        (no weapon)
rCold   . . .        (no shield)
rNeg    . . .        a - +0 robe
rPois   +            (no helmet)
rElec   .            (no cloak)
rCorr   .            (no gloves)
SInv    +            (no barding)
Will    .....        (no amulet)
Stlth   ++           (no ring)
HPRegen 0.24/turn    (no ring)
MPRegen 0.10/turn

%: no passive effects
@: invisible, inugami summoned, very slow
A: AC +1, large, see invisible, deformed body, poison resistance, slowness 2,
spit poison 1, naga tail 1
a: Spit Poison


You were on level 2 of the Dungeon.
You visited 1 branch of the dungeon, and saw 2 of its levels.

You collected 15 gold pieces.

Inventory:

Hand Weapons
 i - a +0 club
Armour
 a - a +0 robe (worn)
Scrolls
 f - a scroll of amnesia {unknown}
 h - a scroll of identify {unknown}
Potions
 b - a potion of magic
 d - a potion of curing {unknown}
 e - 2 potions of degeneration {unknown}
 g - a potion of brilliance {unknown}
 j - a potion of haste {unknown}


   Skills:
 - Level 1.5 Dodging
 - Level 3.0 Stealth
 + Level 3.0 Spellcasting
 + Level 4.7 Summonings


You had 2 spell levels left.
You knew the following spells:

 Your Spells              Type           Power      Damage    Failure   Level
a - Summon Small Mammal   Summ           72%        N/A       2%          1
b - Call Imp              Summ           36%        N/A       3%          2
c - Call Canine Familiar  Summ           18%        N/A       8%          3

Your spell library contained the following spells:

 Spells                   Type           Power      Damage    Failure   Level
 Summon Blazeheart Golem  Fire/Summ      10%        N/A       54%         4
 Summon Lightning Spire   Summ/Air       10%        N/A       54%         4


Dungeon Overview and Level Annotations

Branches:
Dungeon (2/15)

Altars:

Annotations:
D:2 Robin


Innate Abilities, Weirdness & Mutations

Your serpentine skin is tough. (AC +1)
You have supernaturally acute eyesight. (SInv)
Armour fits poorly on your strangely shaped body.
Your system is resistant to poisons. (rPois)
You cover ground very slowly.
You can spit poison.
You have a snake-like lower body.


Message History

You are too injured to fight recklessly!
You are too injured to fight recklessly!
You are too injured to fight recklessly!
You are too injured to fight recklessly!
You are too injured to fight recklessly!
You are too injured to fight recklessly!
You are too injured to fight recklessly!
Unknown command.
Casting: Summon Small Mammal (safe; 2% risk of failure)
Confirm with . or Enter, or press ? or * to list all spells.
You call for your canine familiar and it appears with a howl!
A goblin comes into view. It is wielding a +0 club.
The goblin hits you with a +0 dagger. x2; The adder bites you.
The hobgoblin hits you.
* * * LOW HITPOINT WARNING * * *
Your inugami completely misses the adder.
The adder bites you.
* * * LOW HITPOINT WARNING * * *
The adder misses your inugami.
Your inugami closely misses the goblin.
The hobgoblin closely misses your inugami.
Robin laughs in a distinctly smug fashion.
The adder misses your inugami. The goblin misses your inugami.
Your inugami hits the goblin. The adder barely misses your inugami.
Robin throws the goblin at you!
The hobgoblin hits your inugami but does no damage.
The goblin closely misses you. The goblin hits you but does no damage.
Your inugami completely misses the goblin.
It was a potion of invisibility.
You fade into invisibility!
The adder closely misses your inugami.
The hobgoblin closely misses your inugami.
The goblin barely misses you. The goblin hits you with a +0 dagger.
* * * LOW HITPOINT WARNING * * *
Your inugami barely misses the goblin.
The adder misses your inugami.
Casting: Call Canine Familiar (quite dangerous; 8% risk of failure)
Confirm with . or Enter, or press ? or * to list all spells.
A tiny devil pulls itself out of the air.
The hobgoblin barely misses your inugami.
The goblin hits you with a +0 club.
You die...

.. #..†#...#....# ..
########.##### #.# ##'##
##<## ##...##
#...#########.....##
#..........#.......##
##.##...5g.###..........###
.g...gggSg.g............'..
##.###.ggh@###..........###
#.##.## #.#.......## #.####
#.##.....## #.#######.
##...##
#.........####'######
#.#########.........# #.#
#.##.####.# #.#
####.....###.# #.#
#.........##.#


You could see Robin (unable to see you), an adder (unable to see you, ally
target), 3 hobgoblins, 4 goblins, a friendly cerulean imp (summoned) and a
friendly inugami (summoned).

Vanquished Creatures
  A dart slug (D:1)
  A ball python (D:2)
  2 endoplasms
  A hobgoblin (D:1)
  2 frilled lizards
  A goblin (D:1)
  A kobold (D:1)
  2 rats (D:2)
11 creatures vanquished.

Vanquished Creatures (collateral kills)
  A dart slug (D:2)
  2 ball pythons (D:1)
  2 bats
  5 endoplasms
  2 giant cockroaches (D:1)
  A goblin (D:1)
  2 hobgoblins (D:1)
  4 jackals (D:1)
  2 quokkas (D:1)
  6 kobolds (D:1)
  3 rats (D:1)
30 creatures vanquished.

Grand Total: 41 creatures vanquished

Notes
Turn   | Place    | Note
-------+----------+-------------------------------------------
     0 | D:1      | spaghetti the Naga Summoner began the quest for the Orb.
     0 | D:1      | Reached XP level 1. HP: 15/15 MP: 3/3
   211 | D:1      | Reached XP level 2. HP: 10/22 MP: 1/5
   419 | D:1      | Learned a level 2 spell: Call Imp
   624 | D:1      | Reached XP level 3. HP: 21/28 MP: 2/6
   696 | D:1      | Learned a level 3 spell: Call Canine Familiar
  1739 | D:2      | Noticed Robin
  1748 | D:2      | Slain by a goblin

Illustrated notes

Levels and vault maps discovered:
D:1:      dpeg_arrival_court, layout_basic
D:2:      layout_loops_corners, basic_altar, uniq_robin, uniq_natasha

Skill      XL: |  1  2  3 |
---------------+----------+-----
Spellcasting   | 3 |  3.0
Dodging        | |  1.5
Stealth        | |  3.0
Summonings     | |  4.7

Action                     || total
---------------------------++-------
  Melee: Unarmed           ||    58
         Punch             ||     1
   Cast: Summon Small Mamm ||    43
         Call Imp          ||    11
         Call Canine Famil ||     7
Ability: Spit Poison       ||     8
    Use: Potion            ||     1
   Stab: Sleeping          ||     1
 Armour: Robe              ||    75
  Dodge: Dodged            ||    57
